Map: Equilibrium LE

Players

BlackStar

  • Race: Zerg Zerg
  • League: Platinum
  • Spawn Location: 1:00

Subwayeatn - Winner!

  • Race: Zerg Zerg
  • League: Diamond
  • Spawn Location: 11:00

VOD

Have the link to the VOD?

Description

Time

  • Played on: Nov. 15, 2023, 5:38 p.m.
  • Length: 3:25
Show
View Real Time Build Order
Export as new Build Order

BlackStar Zerg 

Build Orders: Hatch First 

Get SALT Encoding   

  12  0:00  Drone  
  13  0:08  Drone  
  14  0:16  Overlord  
  14  0:35  Drone x3  
  17  0:46  Drone  
  18  0:55  Hatchery  
  17  1:08  Spawning Pool  
  17  1:11  Drone  
  17  1:14  Drone  
  18  1:20  Drone  
  19  1:30  Drone  
  20  1:42  Drone  
  21  1:51  Overlord  
  21  1:58  Extractor, Queen  
  22  2:08  Drone x2  
  24  2:09  Queen  
  26  2:16  Drone  
  26  2:21  Drone  
  28  2:26  Drone  
  28  2:28  Drone  
  30  2:40  Queen  
  30  2:41  Hatchery  
  30  2:43  Drone x2  
  33  2:59  Zergling x6  
Show
View Real Time Build Order
Export as new Build Order

Subwayeatn Zerg - Winner!

Build Orders: Pool First 

Get SALT Encoding   

  12  0:00  Drone  
  13  0:09  Drone  
  14  0:18  Extractor  
  13  0:30  Spawning Pool  
  12  0:55  Hatchery  
  11  1:17  Queen  
  13  1:30  Metabolic Boost  
  13  1:34  Overlord  
  13  1:39  Zergling x2  
  14  1:52  Zergling x4  
  16  1:57  Zergling x2  
  17  2:07  Queen  
  19  2:11  Zergling x2  
  20  2:16  Zergling x2  
  20  2:22  Zergling x2  
  22  2:25  Zergling x2  
  23  2:31  Zergling x2  
  23  2:34  Zergling x2  
  25  2:52  Zergling x6  
  28  3:05  Overlord  
Tags
 
Add a new tag
Caveats
  • Supply blocks, unpowered buildings, or Contaminate may cause inaccurate times.
  • Supply counts are checked every 10 seconds.